 Dungeon Sprint DCSS version 0.19.0-2-gae57169 (webtiles) character file.

348 theY the Arsonist (level 6, -7/36 HPs)
             Began as a Deep Elf Fire Elementalist on Nov 4, 2016.
             Was a Believer of Vehumet.
             Mangled by a glaive of chopping (32 damage)
             ... in the Dungeon (Sprint V: "Ziggurat Sprint").
             The game lasted 00:04:23 (480 turns).

theY the Arsonist (Deep Elf Fire Elementalist)       Turns: 480, Time: 00:04:23

Health: -7/36      AC:  2    Str:  5    XL:     6   Next: 33%
Magic:  25/25      EV: 16    Int: 40    God:    Vehumet [**....]
Gold:   0          SH:  2    Dex: 15    Spells: 5 memorised, 3 levels left

rFire  . . .     SeeInvis .     v - +6 Majin-Bo {vamp, Archmagi MP+6 Int+6}
rCold  . . .     Gourm    .     a - +0 robe
rNeg   . . .     Faith    .     (shield currently unavailable)
rPois  .         Spirit   .     (no helmet)
rElec  .         Reflect  +     (no cloak)
rCorr  .         Harm     .     (no gloves)
MR     .....     NoTele   +     (no boots)
Stlth  ++........               O - +2 amulet of reflection
                                q - +6 ring of intelligence
                                p - +6 ring of intelligence

@: very slightly contaminated, invisible
A: no striking features
a: Renounce Religion


You were in the Dungeon.
You worshipped Vehumet.
Vehumet was pleased with you.
You were not hungry.

You visited 1 branch

Inventory:

Hand Weapons
 v - the +6 Majin-Bo (weapon) {vamp, Archmagi MP+6 Int+6}
   (You found it in the Dungeon)

   It inflicts no extra harm, but heals its wielder when it wounds a living foe.
   It affects your intelligence (+6).
   It affects your magic capacity (+6).
Armour
 a - a +0 robe (worn)
 L - +5 fire dragon scales
Magical Staves
 t - an uncursed staff of energy
 N - an uncursed staff of fire
Jewellery
 n - a +6 ring of dexterity
 o - a +6 ring of dexterity
 p - a +6 ring of intelligence (left hand)
 q - a +6 ring of intelligence (right hand)
 r - a +6 ring of strength
 s - a +6 ring of strength
 O - a +2 amulet of reflection (around neck)
Wands
 j - a wand of disintegration (6/24)
 k - a wand of iceblast (4/15)
 l - a wand of lightning (5/15)
 m - a wand of acid (4/15)
Scrolls
 i - 4 scrolls of blinking
 y - 4 scrolls of amnesia
 z - 3 scrolls of recharging
 A - 7 scrolls of fog
 B - a scroll of holy word
 C - 5 scrolls of identify
 D - 5 scrolls of remove curse
 E - 2 scrolls of fear
Potions
 d - 10 potions of curing
 e - 9 potions of heal wounds
 f - 6 potions of haste
 g - 7 potions of magic
 h - 3 potions of berserk rage
 F - 2 potions of brilliance
 G - a potion of invisibility
 H - 4 potions of resistance
 J - 5 potions of agility
 K - 5 potions of might
Books
 b - a book of Flames

   Spells                             Type                      Level
   a - Flame Tongue                   Conjuration/Fire             1
   b - Throw Flame                    Conjuration/Fire             2
   c - Conjure Flame                  Conjuration/Fire             3
   d - Inner Flame                    Hexes/Fire                   3
   e - Sticky Flame                   Conjuration/Fire             4
   f - Fireball                       Conjuration/Fire             5
 I - the Reference Book on Beguiling and Venom
   (You found it in the Dungeon)

   Spells                             Type                      Level
   a - Confusing Touch                Hexes                        1
   b - Corona                         Hexes                        1
   c - Dazzling Spray                 Conjuration/Hexes            3
   d - Spectral Weapon                Hexes/Charms                 3
   e - Poisonous Cloud                Conjuration/Poison/Air       6
   f - Darkness                       Hexes                        6
Miscellaneous
 u - a crystal ball of energy
 M - a phial of floods
 P - a sack of spiders
Comestibles
 c - 42 fruits
 w - 4 bread rations
 x - 4 meat rations


   Skills:
 + Level 2.7 Fighting
 + Level 3.7 Staves
 + Level 3.0 Armour
 + Level 6.4 Dodging
 - Level 2.4 Stealth
 + Level 8.6 Spellcasting
 * Level 4.7 Conjurations
 + Level 10.0 Fire Magic
 + Level 3.7 Evocations


You had 3 spell levels left.
You knew the following spells:

 Your Spells              Type           Power        Failure   Level  Hunger
a - Flame Tongue          Conj/Fire      #####        1%          1    None
b - Conjure Flame         Conj/Fire      #######.     1%          3    None
c - Sticky Flame          Conj/Fire      #######.     1%          4    None
d - Fireball              Conj/Fire      #######...   2%          5    ##.....
e - Poisonous Cloud       Conj/Pois/Air  #####.....   99%         6    #####..


Dungeon Overview and Level Annotations

Branches:
Dungeon (1/1)

Altars:
Ashenzari
Cheibriados
Dithmenos
Elyvilon
Fedhas
Gozag
Hepliaklqana
Kikubaaqudgha
Makhleb
Nemelex Xobeh
Okawaru
Qazlal
Ru
Sif Muna
Trog
Uskayaw
Vehumet
Xom
Yredelemnul
Zin
The Shining One
Beogh
Jiyva
Lugonu


Message History

The deep elf mage conjures a globe of magical energy!
Found four items.
A battlesphere comes into view.
Zapping:
j - a wand of disintegration (7/24)
Press: ? - help, Shift-Dir - straight line, f - glaive of chopping
Aim: a glaive of chopping (magic immune)
The glaive of chopping is unaffected.
This wand has 6 charges left.
The glaive of chopping hits you from afar!!
Ouch! That really hurt!
You fade into invisibility!
The dire flail of venom barely misses you.
The glaive of chopping hits you from afar!
* * * LOW HITPOINT WARNING * * *
x2 You are very lightly contaminated with residual magic.
The dire flail of venom misses you.
You feel much better.
The dire flail of venom completely misses you.
The glaive of chopping hits you!!
Ouch! That really hurt!
You die...

▓.....▓.....▓▓▓▓▓▓▓
▓▓▓▓▓▓▓▓▓▓▓▓▓▓
▓..8©8...▓
▓..:)[...▓
▓...|....▓
▓...*e...▓
▓...e....▓
▓...(....▓
▓...(@...▓
▓▓▓▓▓▓▓▓▓▓


You could see 2 deep elf magi, 2 dancing weapons and a battlesphere.

Vanquished Creatures
  A porcupine (D)
  2 quasits (D)
  An iron imp (D)
  An iguana (D)
  A mummy (D)
  A white imp (D)
  A bat zombie (D)
  A quokka zombie (D)
9 creatures vanquished.

Vanquished Creatures (others)
  A spatial maelstrom (D)
1 creature vanquished.

Grand Total: 10 creatures vanquished

Notes
Turn   | Place    | Note
-------+----------+-------------------------------------------
     0 | D        | theY the Deep Elf Fire Elementalist began the quest for the Orb.
     0 | D        | Reached XP level 1. HP: 10/10 MP: 6/6
     0 | D        | Found a deep blue altar of Sif Muna.
     0 | D        | Found a bloodstained altar of Trog.
     0 | D        | Found a sacrificial altar of Ru.
     0 | D        | Found a stormy altar of Qazlal.
     0 | D        | Found an iron altar of Okawaru.
     5 | D        | Banished a spatial maelstrom
     6 | D        | Became a worshipper of Vehumet
    10 | D        | Found a sparkling altar of Nemelex Xobeh.
    12 | D        | Found a corrupted altar of Lugonu.
    12 | D        | Found an ancient bone altar of Kikubaaqudgha.
    12 | D        | Found a burning altar of Makhleb.
    12 | D        | Found a viscous altar of Jiyva.
    12 | D        | Found a hazy altar of Hepliaklqana.
    28 | D        | Found an opulent altar of Gozag.
    33 | D        | Found a blossoming altar of Fedhas.
    80 | D        | Entered arena 1.
    80 | D        | Noticed an iguana
    80 | D        | Noticed a porcupine
    84 | D        | Killed a porcupine
    84 | D        | Reached skill level 8 in Fire Magic
    84 | D        | Reached XP level 2. HP: 8/15 MP: 11/11
    84 | D        | Reached XP level 3. HP: 10/19 MP: 12/12
    84 | D        | Reached XP level 4. HP: 13/24 MP: 14/14
    87 | D        | Reached skill level 1 in Staves
    87 | D        | Reached skill level 1 in Evocations
   107 | D        | Learned a level 3 spell: Conjure Flame
   107 | D        | Reached skill level 9 in Fire Magic
   107 | D        | Reached XP level 5. HP: 13/31 MP: 17/17
   113 | D        | Learned a level 4 spell: Sticky Flame
   119 | D        | Learned a level 5 spell: Fireball
   123 | D        | Identified the Reference Book on Beguiling and Venom (You found it in the Dungeon)
   288 | D        | Entered arena 2.
   289 | D        | Reached * piety under Vehumet
   289 | D        | Offered knowledge of Magic Dart by Vehumet.
   319 | D        | Entered arena 3.
   321 | D        | Reached ** piety under Vehumet
   321 | D        | Reached XP level 6. HP: 28/36 MP: 15/19
   323 | D        | Reached skill level 10 in Fire Magic
   476 | D        | Learned a level 6 spell: Poisonous Cloud
   476 | D        | Entered arena 4.
   476 | D        | Noticed a deep elf mage
   476 | D        | Noticed a deep elf mage
   476 | D        | Noticed a dire flail of venom
   476 | D        | Noticed a glaive of chopping
   480 | D        | Mangled by a glaive of chopping

Skill      XL: |  1  2  3  4  5  6 |
---------------+-------------------+-----
Dodging        | 4 6 |  6.4
Spellcasting   | 6 8 |  8.6
Fire Magic     | 8 9 10 | 10.0
Staves         | 3 |  3.7
Evocations     | 3 |  3.7
Fighting       | 2 |  2.7
Armour         | 2 3 |  3.0
Conjurations   | 4 |  4.7
Stealth        | |  2.4

Action                   |  1- 3 |  4- 6 || total
-------------------------+-------+-------++-------
Melee: Quarterstaff      |     3 |     3 ||     6
 Cast: Fireball          |       |     4 ||     4
Evoke: Wand              |     1 |     2 ||     3
  Use: Potion            |       |     3 ||     3
  Eat: Bread ration      |     1 |       ||     1
Armor: Fire dragon scale |     5 |     1 ||     6
Dodge: Dodged            |       |     5 ||     5
